 Dungeon Crawl Stone Soup version 0.29.0-10-g45618ea6d2 (webtiles) character file.

Game seed: 4090235427120191847

44 Flugkiller the Trooper (level 3, 0/33 HPs)
             Began as a Minotaur Fighter on Sept 1, 2022.
             Slain by a gnoll
             ... wielding a +0 club
              (4 damage)
             ... on level 2 of the Dungeon.
             The game lasted 00:00:22 (1107 turns).

Flugkiller the Trooper (Minotaur Fighter)           Turns: 1107, Time: 00:00:22

Health: 0/33       AC:  7    Str: 20    XL:     3   Next: 41%
Magic:  2/2        EV:  9    Int:  5    God:
Gold:   33         SH:  4    Dex: 11    Spells: 2/2 levels left

rFire   . . .      SeeInvis .   a - +0 war axe
rCold   . . .      Faith    .   c - +0 buckler
rNeg    . . .      Spirit   .   b - +0 scale mail
rPois   .          Reflect  .   (helmet restricted)
rElec   .          Harm     .   (no cloak)
rCorr   .          Rampage  .   (no gloves)
Will    .....                   (no boots)
Stlth   ..........              (no amulet)
HPRegen 0.11/turn               (no ring)
MPRegen 0.08/turn               (no ring)

@: no status effects
A: horns 2, retaliatory headbutt
a: no special abilities


You were on level 2 of the Dungeon.
You visited 1 branch of the dungeon, and saw 2 of its levels.

You collected 33 gold pieces.

Inventory:

Hand Weapons
 a - a +0 war axe (weapon)
Armour
 b - a +0 scale mail (worn)
 c - a +0 buckler (worn)
Scrolls
 g - a scroll of identify {unknown}
 h - a scroll of teleportation {unknown}
Potions
 d - a potion of might
 e - a potion of haste {unknown}
 i - a potion of cancellation {unknown}
 j - a potion of lignification {unknown}


   Skills:
 + Level 4.1 Fighting
 * Level 3.7 Axes
 + Level 4.1 Armour
 - Level 3.6 Shields


You had 2 spell levels left.
You didn't know any spells.
Your spell library was empty.

Dungeon Overview and Level Annotations

Branches:
Dungeon (2/15)

Altars:


Innate Abilities, Weirdness & Mutations

You have a pair of horns on your head.
You reflexively headbutt those who attack you in melee.


Message History

Unknown command.
There are monsters nearby!
There are monsters nearby!
Found a stone staircase leading up.
The endoplasm freezes you.
You are frozen.
You completely miss the endoplasm. You block the endoplasm's attack.
You slash the endoplasm!
You kill the endoplasm!
The goblin hits you but does no damage.
You barely miss the goblin. You hit the endoplasm.
You block the goblin's attack.
The endoplasm hits you but does no damage. x2
The goblin hits you but does no damage.
You slash the endoplasm!
You kill the endoplasm!
You closely miss the goblin. The goblin hits you with a +0 club.
You slash the goblin!
You kill the goblin!
You have reached level 3!
Your experience leads to an increase in your attributes!
Increase (s)trength, (i)ntelligence, or (d)exterity?
You feel agile. x2
A worm comes into view.
A worm is nearby!
A worm is nearby!
A worm is nearby!
Things that are here:
a +0 club; a goblin corpse
Found a ruby potion.
You barely miss the worm. The worm bites you!
You slash the worm! You headbutt the worm.
The worm is severely wounded.
The worm barely misses you. You furiously retaliate!
You headbutt the worm!
You kill the worm!
No target in view!
No target in view!
No target in view!
No target in view!
HP restored.
h - a scroll labelled JOL FIESHI
i - a ruby potion A kobold comes into view.
It is wielding a +0 short sword.
Found a murky coppery potion.
The kobold shouts!
The kobold hits you with a +0 short sword.
You slash the kobold!
You kill the kobold!
No target in view!
No target in view!
No target in view!
No target in view!
No target in view!
No target in view!
Things that are here:
a +0 short sword; a kobold corpse You now have 33 gold pieces (gained 14).
j - a murky coppery potion An endoplasm comes into view.
Found a stone staircase leading down.
The endoplasm quivers.
An endoplasm is nearby!
A gnoll comes into view. It is wielding a +0 halberd.
The gnoll shouts!
You hear a shout!
A gnoll comes into view. It is wielding a +0 spear.
The gnoll shouts!
The endoplasm freezes you.
You are frozen.
You slash the endoplasm!
You kill the endoplasm!
A gnoll comes into view. It is wielding a +0 club.
A gnoll comes into view. It is wielding a +0 club.
The gnoll shouts!
There is a stone staircase leading down here.
You barely miss the gnoll. Your headbutt misses the gnoll.
The gnoll hits you with a +0 halberd!
You barely miss the gnoll. You headbutt the gnoll!
The gnoll is almost dead.
The gnoll hits you from afar with a +0 spear.
The gnoll barely misses you.
You slash the gnoll!
You kill the gnoll!
The gnoll barely misses you. x2
You hit the gnoll but do no damage.
The gnoll hits you from afar with a +0 spear.
The gnoll barely misses you.
There are monsters nearby!
There are monsters nearby!
You barely miss the gnoll. You hit the gnoll.
The gnoll hits you with a +0 club. The gnoll completely misses you.
The gnoll closely misses you. The gnoll attacks as you move away!
The gnoll hits you with a +0 club.
* * * LOW HITPOINT WARNING * * *
The gnoll attacks as you move away! You block the gnoll's attack.
As you read the scroll labelled ZOIFOB NORRUU, it crumbles to dust.
You feel aware of your surroundings.
It was a scroll of magic mapping.
You block the gnoll's attack.
Unknown command.
The gnoll attacks as you move away! The gnoll hits you with a +0 club.
You die...

##.# #.# *,* *,* *,* #.# #.#
#.# *,* *,* #.# #.# #.# *,* *,*
#.# #.##########.# *,* *,*
##.###......)...#.# *,* *,****
........#######.#.# *,* *,,,,,
##.####.#######.#.#####,*
******
...#,,..........#..)..#.###****
####,##.###.###.@gg>.......,,,*
,,,,,*#.# #.......g.....###**,*
***,,*#.# #####.#####.### *,***
*,,*#.# #.# *.# *,,,, ***,,,,.#
#.# *,#*********, ,,,,,**,* #.#
*,,,,,,>,,,,, *******,******#.#
************, *,,,,,,,..* **
***********


You could see 3 gnolls.

Vanquished Creatures
  2 gnolls
  A worm (D:2)
  A ball python (D:1)
  A bat (D:1)
  4 endoplasms
  A giant cockroach (D:1)
  A hobgoblin (D:1)
  4 jackals (D:1)
  2 kobolds
  2 goblins
  A rat (D:1)
20 creatures vanquished.

Notes
Turn   | Place    | Note
-------+----------+-------------------------------------------
     0 | D:1      | Flugkiller the Minotaur Fighter began the quest for the
                  | Orb.
     0 | D:1      | Reached XP level 1. HP: 19/19 MP: 0/0
   135 | D:1      | Reached XP level 2. HP: 9/27 MP: 1/1
   935 | D:2      | Reached XP level 3. HP: 29/33 MP: 2/2
  1107 | D:2      | Slain by a gnoll

Illustrated notes

Levels and vault maps discovered:
D:1:      sevenhm_arrival_forest_fort_small_4, layout_loops_ring
D:2:      layout_loops_ring

Skill      XL: |  1  2 |
---------------+-------+-----
Axes           | 3 |  3.7
Fighting       | 4 |  4.1
Armour         | 4 |  4.1
Shields        | |  3.6

Action                   || total
-------------------------++-------
Melee: War axe           ||    44
       Headbutt          ||     3
  Use: Scroll            ||     1
Armor: Scale mail        ||    23
Dodge: Dodged            ||    21
Block: Buckler           ||     8
